 Dungeon Crawl Stone Soup version 0.20.1-1-g8b1a95d (webtiles) character file.

123 dvd the Covered (level 4, 0/38 HPs)
             Began as a Minotaur Wanderer on Aug 6, 2017.
             Was an Initiate of Qazlal.
             Slain by Natasha (5 damage)
             ... on level 3 of the Dungeon.
             The game lasted 00:05:13 (2767 turns).

dvd the Covered (Minotaur Wanderer)                 Turns: 2767, Time: 00:05:14

Health: 0/38       AC:  8    Str: 20    XL:     4   Next: 79%
Magic:  0/5        EV:  7    Int:  7    God:    Qazlal [......]
Gold:   232        SH:  8    Dex:  9    Spells: 5/6 levels left

rFire    . . .     SeeInvis .   p - +1 hand axe (freeze)
rCold    . . .     Gourm    .   a - +0 shield
rNeg     . . .     Faith    .   n - +0 scale mail
rPois    .         Spirit   +   (helmet restricted)
rElec    .         Reflect  .   i - +0 cloak
rCorr    .         Harm     .   (no gloves)
MR       +....                  (no boots)
Stlth    ..........             z - amulet of guardian spirit
Regen    0.2/turn               y - ring of protection from magic
MPRegen  0.1/turn               (no ring)

@: no status effects
A: retaliatory headbutt, horns 2
a: Renounce Religion


You were on level 3 of the Dungeon.
You worshipped Qazlal.
Qazlal was noncommittal.
You were not hungry.

You visited 1 branch of the dungeon, and saw 3 of its levels.

You collected 232 gold pieces.

Inventory:

Hand Weapons
 d - a +0 club
 p - a +1 hand axe of freezing (weapon)
Armour
 a - a +0 shield (worn)
 c - a +0 ring mail
 h - a +0 chain mail
 i - a +0 cloak (worn)
 n - a +0 scale mail (worn)
Jewellery
 y - a ring of protection from magic (left hand)
 z - an amulet of guardian spirit (around neck)
 D - an uncursed ring of protection from fire
Scrolls
 e - 5 scrolls of identify
 l - a scroll of immolation {unknown}
 o - a scroll of remove curse
 q - a scroll of enchant weapon {unknown}
 t - a scroll of teleportation {unknown}
 u - 2 scrolls of amnesia {unknown}
 C - a scroll of blinking {unknown}
Potions
 k - a potion of mutation
 r - 2 potions of lignification {unknown}
 s - a potion of agility {unknown}
 v - a potion of resistance {unknown}
 x - a potion of heal wounds {unknown}
 A - a potion of ambrosia {unknown}
Books
 b - the Tome of the Escort

   Spells                             Type                      Level
   a - Summon Small Mammal            Summoning                    1
   b - Recall                         Summoning/Translocation      3
Comestibles
 f - 2 bread rations
 g - 2 fruits
 m - 3 meat rations
 B - 5 chunks of flesh


   Skills:
 + Level 3.3 Fighting
 + Level 2.2 Axes
 + Level 0.2(1.3) Maces & Flails
   Level 1.1 Crossbows
 + Level 1.1 Throwing
 + Level 4.0 Armour
 + Level 0.2 Dodging
 + Level 2.2 Shields
 + Level 1.6 Spellcasting
 + Level 1.0 Summonings


You had 5 spell levels left.
You knew the following spells:

 Your Spells              Type           Power        Failure   Level  Hunger
a - Summon Small Mammal   Summ           #...         98%         1    ##.....


Dungeon Overview and Level Annotations

Branches:
Dungeon (3/15)

Altars:
Okawaru
Qazlal
Yredelemnul

Annotations:
D:3 Natasha


Innate Abilities, Weirdness & Mutations

You reflexively headbutt those who attack you in melee.
You have a pair of horns on your head.


Message History

Natasha claws you but does no damage.
You closely miss Natasha.
Natasha is heavily wounded.
Natasha casts a spell.
You closely miss Natasha.
Natasha is heavily wounded.
Natasha howls an incantation.
Natasha shimmers violently.
Natasha zaps a wand.
The puff of flame hits you!
* * * LOW HITPOINT WARNING * * *
It is a wand of flame (?/48) {zapped: 1}.
Natasha zaps a wand.
The puff of flame hits you!
* * * LOW HITPOINT WARNING * * *
Some of the chunks of flesh in your inventory have rotted away.
You hit Natasha. You freeze Natasha. Your headbutt misses Natasha.
Natasha is severely wounded.
Natasha mumbles some strange words.
Natasha's front paws start to glow.
Natasha claws you!
You die...

...##..* ##.###..### #####.#* #.#
#....# # #.# #.# #.##.# # #.# #.#
#.##.# ## #.# #.# #.##.# .####.#
###### #.# #.##.# ...##.# #...5#
#.# #.##=# .#....# #.##h#
####.###.##.# #####.#
#.##@###.)......##.##
#####.#######.##...........h...#.
..............######.##..........
.####..............h.############
## ##################


You could see Natasha and a crimson imp.

Vanquished Creatures
  Natasha (twice) (D:3)
  An adder (D:3)
  An ooze (D:3)
  3 worms
  A dart slug (D:3)
  A leopard gecko (D:2)
  3 ball pythons
  7 bats
  6 hobgoblins
  4 jackals (D:2)
  9 kobolds
  A frilled lizard (D:1)
  5 goblins
  5 rats
49 creatures vanquished.

Notes
Turn   | Place    | Note
-------+----------+-------------------------------------------
     0 | D:1      | dvd the Minotaur Wanderer began the quest for the Orb.
     0 | D:1      | dvd set off with: a +0 shield, the Tome of the Escort, a +0 ring mail, a +0 club, a bread ration
     0 | D:1      | Reached XP level 1. HP: 18/18 MP: 1/1
     0 | D:1      | Identified the Tome of the Escort
     2 | D:1      | Learned a level 1 spell: Summon Small Mammal
   523 | D:1      | Reached XP level 2. HP: 24/25 MP: 1/3
   912 | D:2      | Found a basalt altar of Yredelemnul.
  1182 | D:2      | Reached XP level 3. HP: 24/30 MP: 4/4
  1268 | D:2      | Reached skill level 3 in Armour
  1483 | D:2      | Reached skill level 1 in Axes
  1786 | D:3      | Found a stormy altar of Qazlal.
  1795 | D:3      | Became a worshipper of Qazlal Stormbringer
  2366 | D:3      | Reached XP level 4. HP: 37/38 MP: 5/5
  2405 | D:3      | Found an iron altar of Okawaru.
  2715 | D:3      | Noticed Natasha
  2724 | D:3      | Killed Natasha
  2734 | D:3      | Noticed Natasha
  2737 | D:3      | Killed Natasha
  2737 | D:3      | Reached skill level 4 in Armour
  2747 | D:3      | Noticed Natasha
  2767 | D:3      | Slain by Natasha

Skill      XL: |  1  2  3  4 |
---------------+-------------+-----
Fighting       | 3 |  3.3
Armour         | 3 4 |  4.0
Axes           | 1 2 |  2.2
Shields        | 2 |  2.2
Maces & Flails | |  0.2
Crossbows      | |  1.1
Throwing       | |  1.1
Dodging        | |  0.2
Spellcasting   | |  1.6
Summonings     | |  1.0

Action                   |  1- 3 |  4- 6 || total
-------------------------+-------+-------++-------
Melee: Club              |    11 |       ||    11
       Hand axe          |    97 |    24 ||   121
       Headbutt          |     8 |     3 ||    11
  Use: Scroll            |       |     3 ||     3
  Eat: Chunk             |     5 |     1 ||     6
Armor: Scale mail        |    58 |     6 ||    64
       Chain mail        |     2 |       ||     2
Dodge: Dodged            |    32 |     4 ||    36
Block: Shield            |    42 |     9 ||    51
